 Dungeon Crawl Stone Soup version 0.31-a0-925-g0a390f2509 (webtiles) character file.

Game seed: 16539708090437332040

74 Dirtsage the Chopper (level 4, -2/28 HPs)
             Began as a Gargoyle Fighter on Oct 18, 2023.
             Killed from afar by an orc wizard (10 damage)
             ... with a magic dart
             ... on level 2 of the Dungeon.
             The game lasted 00:01:59 (1345 turns).

Dirtsage the Chopper (Gargoyle Fighter)             Turns: 1345, Time: 00:02:00

Health: -2/28      AC: 10    Str: 21    XL:     4   Next: 28%
Magic:  4/4        EV:  9    Int:  9    God:
Gold:   58         SH:  4    Dex:  9    Spells: 3/3 levels left

rFire   . . .        a - +0 war axe
rCold   . . .        c - +0 buckler
rNeg    + . .        b - +0 scale mail
rPois   ∞            (no helmet)
rElec   +            (no cloak)
rCorr   .            (no gloves)
SInv    .            (no boots)
Will    .....        (no amulet) Stlth
                     (no ring)
HPRegen 0.24/turn    (no ring)
MPRegen 0.09/turn

%: no passive effects
@: no status effects
A: sickness immunity, AC +3, negative energy resistance 1, electricity
resistance, torment resistance 1, petrification resistance
a: no special abilities


You were on level 2 of the Dungeon.
You visited 1 branch of the dungeon, and saw 2 of its levels.

You collected 58 gold pieces.

Inventory:

Hand Weapons
 a - a +0 war axe (weapon)
Armour
 b - a +0 scale mail (worn)
 c - a +0 buckler (worn)
Scrolls
 f - a scroll of enchant armour {unknown}
 g - 2 scrolls of blinking {unknown}
 j - a scroll of teleportation {unknown}
 k - 2 scrolls of fear {unknown}
 m - 2 scrolls of identify {unknown}
Potions
 d - a potion of might
 e - a potion of curing {unknown}
 h - 2 potions of ambrosia {unknown}
 i - a potion of brilliance {unknown}
 l - a potion of haste {unknown}


   Skills:
 - Level 3.2 Fighting
 + Level 4.0 Axes
 - Level 3.2 Armour
 - Level 3.2 Shields


You had 3 spell levels left.
You didn't know any spells.
Your spell library was empty.

Dungeon Overview and Level Annotations

Branches:
Dungeon (2/15)

Altars:


Innate Abilities, Weirdness & Mutations

You are immune to sickness and miasma.
Your stone body is resilient. (AC +3)
You are immune to poison.
You resist negative energy. (rN+)
You are resistant to electric shocks. (rElec)
You are resistant to unholy torment.
You are immune to petrification.


Message History

You are confused.
You miss something. Something hits you but does no damage.
Something hits you but does no damage.
Things that are here:
a +0 dagger; a +0 scale mail You bump into the rock wall.
You hear some strange, mumbled words.
You are more confused.
You bump into the rock wall.
Something hits you but does no damage. Something hits you but does no damage.
There is a broken door here.
You hear some strange, mumbled words.
You are more confused.
You hear some strange, mumbled words.
Something tries to affect you, but you resist.
There is a broken door here.
You barely miss something. Something hits you but does no damage.
Something hits you but does no damage.
You see here 15 gold pieces.
You bump into the rock wall.
Something hits you but does no damage. Something hits you but does no damage.
Something hits you but does no damage.
You see here 15 gold pieces.
You closely miss something. Something hits you.
You hear some strange, mumbled words.
A puff of flame appears from out of thin air!
The puff of flame hits you.
You take 10 damage, and have 9/28 hp.
MASSIVE DAMAGE!!
You closely miss something. Something hits you.
* * * LOW HITPOINT WARNING * * *
You take 1 damage, and have 8/28 hp.
You completely miss something.
You hear some strange, mumbled words.
Something tries to affect you, but you resist.
You're too confused to move!
You feel less confused.
You hear some strange, mumbled words.
A magic dart appears from out of thin air!
The magic dart hits you!
You die...

#....########.#
#....#### #.#
#.......# #'#
#.##....# ##)##
#.##....# #...#
#.##....# #8.8#
>.##....# #)..#
.###.########{####
#. #.# #...@...#
#. ..#..$'.......#
..#...#.......#
### #.......'..
#...[...#.!.
############


There were no monsters in sight!

Vanquished Creatures
  2 adders (D:2)
  A worm (D:2)
  2 dart slugs
  2 orcs (D:2)
  2 bats (D:1)
  6 endoplasms
  A goblin (D:2)
  8 hobgoblins
  4 jackals (D:1)
  4 ball pythons
  A frilled lizard (D:1)
  6 kobolds
  7 rats
46 creatures vanquished.

Notes
Turn   | Place    | Note
-------+----------+-------------------------------------------
     0 | D:1      | Dirtsage the Gargoyle Fighter began the quest for the Orb.
     0 | D:1      | Reached XP level 1. HP: 14/14 MP: 1/1
    45 | D:1      | Reached skill level 2 in Axes
   204 | D:1      | Reached XP level 2. HP: 17/19 MP: 2/2
   491 | D:1      | Reached skill level 3 in Axes
   553 | D:1      | Reached XP level 3. HP: 21/23 MP: 3/3
  1000 | D:2      | Reached XP level 4. HP: 28/28 MP: 4/4
  1274 | D:2      | Reached skill level 4 in Axes
  1312 | D:2      | Found the +1 Delatra's gloves {ID++}
  1345 | D:2      | Killed from afar by an orc wizard

Illustrated notes

Levels and vault maps discovered:
D:1:      heliophobic_arrival_ceremonial_halls, layout_basic
D:2:      kb_forest_paths, layout_basic, dreamdust_ecumenical_altar_statues,
          pf_guarded_unrand_delatra

Skill      XL: |  1  2  3  4 |
---------------+-------------+-----
Axes           | 2 3 4 |  4.0
Fighting       | |  3.2
Armour         | |  3.2
Shields        | |  3.2

Action                     |  1- 3 |  4- 6 || total
---------------------------+-------+-------++-------
  Melee: War axe           |    97 |    56 ||   153
 Armour: Scale mail        |    68 |    52 ||   120
  Dodge: Dodged            |    47 |    14 ||    61
  Block: Buckler           |    23 |    11 ||    34

Table legend: (Time is in decaauts)
 A = Elapsed time spent in this place.
 B = Non-inter-level travel time spent in this place.
 C = Inter-level travel time spent in this place.
 D = Time resting spent in this place.
 E = Time spent auto-exploring this place.
 F = Levels seen in this place.
 G = Mean time per level.
                   A        B        C        D        E       F      G
               +--------+--------+--------+--------+--------+-----+--------+
         Total |   1401 |   1400 |      1 |      0 |   1057 |   2 |  700.5 |
       Dungeon |   1401 |   1400 |      1 |      0 |   1057 |   2 |  700.5 |
               +--------+--------+--------+--------+--------+-----+--------+

Top non-repeatable levels by time:
     D:1: 942 daAuts
     D:2: 459 daAuts
